 Dungeon Crawl Stone Soup version 0.30.0-30-g96aa6591b8 (webtiles) character file.

Game seed: 12031396375508652214

10241 McKennaii the Destroyer (level 11, -8/74 HPs)
             Began as a Demigod Conjurer on June 29, 2023.
             Mangled by a green death (28 damage)
             ... in a Gauntlet.
             The game lasted 00:19:28 (14514 turns).

McKennaii the Destroyer (Demigod Conjurer)         Turns: 14514, Time: 00:19:28

Health: -8/74      AC:  7    Str:  8    XL:     11   Next: 12%
Magic:  14/30      EV: 12    Int: 32    God:
Gold:   466        SH:  0    Dex: 12    Spells: 17/31 levels left

rFire   + . .        B - +2 flail (holy)
rCold   + . .        (no shield)
rNeg    + . .        H - +2 robe {rC+ rF+}
rPois   .            r - +0 helmet
rElec   .            D - +0 cloak
rCorr   +            (no gloves)
SInv    .            L - +0 pair of boots
Will    +....        N - amulet of magic regeneration
Stlth   ++           o - ring of resist corrosion
HPRegen 0.32/turn    a - ring of positive energy
MPRegen 0.62/turn

%: no teleportation
@: lethally poisoned (-8 -> -21), very slightly contaminated
A: high MP 1, forlorn, divine attributes
a: no special abilities


You were in a Gauntlet.
You visited 1 branch of the dungeon, and saw 11 of its levels.
You also visited: Bailey and Gauntlet.

You collected 704 gold pieces.
You spent 238 gold pieces at shops.

Inventory:

Hand Weapons
 B - a +2 flail of holy wrath (weapon)
Armour
 r - a +0 helmet (worn)
 D - a +0 cloak (worn)
 H - a +2 robe of resistance (worn)
 J - +0 steam dragon scales
 L - a +0 pair of boots (worn)
Jewellery
 a - a ring of positive energy (right hand)
 c - an amulet of regeneration
 j - the ring of Roashrot {Fire Slay+2}
   (You found it on level 10 of the Dungeon)

   [ring of fire]

   It enhances your fire magic.
   Slay:      It affects your accuracy & damage with ranged weapons and melee
   (+2).
   rF:        It protects you from fire.
   rC:        It makes you vulnerable to cold.
 o - a ring of resist corrosion (left hand)
 M - a ring of flight
 N - an amulet of magic regeneration (around neck)
Wands
 t - a wand of flame (58)
 I - a wand of mindburst (3)
 K - a wand of iceblast (8)
Scrolls
 e - 3 scrolls of poison
 f - 3 scrolls of vulnerability
 g - 2 scrolls of fog
 i - a scroll of enchant weapon
 k - 7 scrolls of teleportation
 s - a scroll of brand weapon
 w - 3 scrolls of amnesia
 y - 2 scrolls of immolation
 z - a scroll of butterflies
 C - 2 scrolls of blinking
 G - 3 scrolls of fear
 O - a scroll of enchant armour {unknown}
Potions
 b - 4 potions of magic
 d - 2 potions of resistance
 h - a potion of experience
 l - 3 potions of lignification
 m - a potion of berserk rage
 n - 4 potions of brilliance
 p - 5 potions of attraction
 q - a potion of might {unknown}
 u - 2 potions of mutation {unknown}
 v - 4 potions of curing
 x - 5 potions of flight {unknown}
 A - 2 potions of heal wounds {unknown}
 E - a potion of haste {unknown}
 F - 3 potions of cancellation {unknown}


   Skills:
 - Level 1.7 Dodging
 - Level 1.7 Stealth
 + Level 10.9 Spellcasting
 + Level 12.2 Conjurations


You had 17 spell levels left.
You knew the following spells:

 Your Spells              Type           Power      Damage    Failure   Level
a - Magic Dart            Conj           100%       1d8       1%          1
b - Searing Ray           Conj           100%       2d8       1%          2
c - Iskenderun's Mystic   Conj/Tloc      54%        2d12      2%          4
e - Orb of Destruction    Conj           38%        9d11      16%         7

Your spell library contained the following spells:

 Spells                   Type           Power      Damage    Failure   Level
 Dazzling Flash           Conj/Hex       100%       N/A       1%          3
 Hailstorm                Conj/Ice       54%        3d12      1%          3
 Beastly Appendage        Tmut           34%        N/A       2%          1
 Freeze                   Ice            68%        1d8       2%          1
 Slow                     Hex            68%        N/A       2%          1
 Summon Small Mammal      Summ           68%        N/A       2%          1
 Fulminant Prism          Conj/Hex       27%        3d14      2%          4
 Lesser Beckoning         Tloc           34%        N/A       4%          2
 Wereblood                Tmut           17%        N/A       4%          2
 Call Canine Familiar     Summ           17%        N/A       9%          3
 Confusing Touch          Hex            17%        N/A       9%          3
 Frozen Ramparts          Ice            34%        1d6       9%          3
 Gell's Gravitas          Tloc           17%        N/A       9%          3
 Spider Form              Tmut/Pois      17%        N/A       9%          3
 Summon Guardian Golem    Hex/Summ       17%        N/A       9%          3
 Teleport Other           Tloc           17%        N/A       9%          3
 Vampiric Draining        Necr           17%        2d7       9%          3
 Ice Form                 Ice/Tmut       17%        N/A       28%         4
 Summon Ice Beast         Ice/Summ       17%        N/A       28%         4
 Spellforged Servitor     Conj/Summ      27%        N/A       88%         7


Dungeon Overview and Level Annotations

Branches:
Dungeon (11/15)            Temple (0/1) D:7            Lair (0/5) D:9
 Bailey (visited)         Gauntlet (1/1)
    Orc: D:9-12

Shops:
D:6 ==([

Annotations:
Gauntlet 7 transporters, 2 runed translucent doors


Innate Abilities, Weirdness & Mutations

You have an increased reservoir of magic. (+10% MP)
You shall have no god before yourself.
Your divine heritage dramatically boosts your attributes as you level up.


Message History

The green death gestures at you. The blast of poison engulfs you!
You are poisoned.
Unknown command.
Unknown command.
Casting: Iskenderun's Mystic Blast (dangerous; 2% risk of failure)
Confirm with . or Enter, or press ? or * to list all spells.
You erupt in a blast of force!
The mystic blast hits the green death.
The green death is heavily wounded.
The green death is knocked back by the mystic blast.
The green death slams into the granite statue!
The green death is heavily wounded.
You are engulfed in poison gas.
You are more poisoned.
You feel very sick.
Unknown command.
Casting: Iskenderun's Mystic Blast (dangerous; 2% risk of failure)
Confirm with . or Enter, or press ? or * to list all spells.
You erupt in a blast of force!
The mystic blast hits the green death!
The green death is severely wounded.
The green death is knocked back by the mystic blast.
The green death slams into the granite statue!
The green death is severely wounded.
You are engulfed in poison gas.
You are more poisoned.
You feel extremely sick. The green death gestures at you.
The poison arrow hits you!
You are lethally poisoned!
* * * LOW HITPOINT WARNING * * *
You feel better.
You are engulfed in poison gas.
You are poisoned.
* * * LOW HITPOINT WARNING * * *
You feel very sick. The green death closely misses you.
Unknown command.
Unknown command.
You feel better.
You are engulfed in poison gas.
You are poisoned.
You feel very sick. The green death hits you!!
You die...

#.###################.##
≈....#©.........©#....≈##
≈..8.#.8.8.8.8.8.#.8..≈≈#
≈....#©.........©#....≈##
#.#########.#########.##
≈.#.pYY..Y#.#..8#8..#.≈##
≈.#.#####Y#.#...8☼..#.≈≈#
≈.#.+...+Y#.#8.828.8#.≈##
#.#.#.©.#.####8°@°8##.##
≈.#.#≈≈≈#.#.#8°8○8.8#.≈##
≈.#Y#####.#.#..○8○..#.≈≈#
≈.#.=.©((.#.#.|=©?..#.≈##
#.#########.#########.##
≈.....................≈#
≈≈#≈≈≈#..∩.8.∩..#≈≈≈#≈≈≈#
≈###≈###.......###≈###≈##
# ### ######### ### ##


You could see 3 death yaks and a green death.

Vanquished Creatures
  A fire crab (Gauntlet)
  An orc knight (Bailey)
  A deep elf zephyrmancer (Bailey)
  An ugly thing (D:9)
  Maurice (D:9)
  A komodo dragon (D:9)
  A kobold demonologist (D:11)
  3 unseen horrors
  An ice devil (Gauntlet)
  A shadow (D:10)
  A wyvern (D:7)
  Eustachio (D:5)
  2 humans (D:11)
  2 fire bats (Gauntlet)
  2 steam dragons
  4 vampire mosquitoes (D:10)
  An acid dragon (D:10)
  2 water moccasins
  11 orc warriors
  A sky beast (D:6)
  3 ice beasts
  An ogre (D:6)
  2 phantoms
  4 centaurs
  A kobold brigand (D:8)
  4 bullfrogs
  2 scorpions
  11 wights
  10 howler monkeys
  3 hounds
  3 jellies
  3 orc priests
  2 gnoll boudas
  17 orc wizards
  2 iguanas
  7 adders
  8 gnolls
  2 shadow imps
  5 white imps
  An ufetubus (D:5)
  2 worms
  2 dart slugs
  28 orcs
  6 endoplasms
  3 giant cockroaches
  4 goblins
  6 hobgoblins
  7 jackals
  3 quokkas
  8 ball pythons
  5 bats
  A frilled lizard (D:2)
  14 kobolds
  2 rats
221 creatures vanquished.

Vanquished Creatures (others)
  2 orc wizards (D:6)
2 creatures vanquished.

Grand Total: 223 creatures vanquished

Notes
Turn   | Place    | Note
-------+----------+-------------------------------------------
     0 | D:1      | McKennaii the Demigod Conjurer began the quest for the Orb.
     0 | D:1      | Reached XP level 1. HP: 14/14 MP: 5/5
   387 | D:1      | Reached XP level 2. HP: 20/20 MP: 5/7
   777 | D:1      | Learned a level 2 spell: Searing Ray
   888 | D:2      | Reached skill level 4 in Conjurations
  1020 | D:2      | Reached XP level 3. HP: 24/26 MP: 0/9
  1731 | D:2      | Reached XP level 4. HP: 33/33 MP: 5/11
  1736 | D:2      | Learned a level 4 spell: Iskenderun's Mystic Blast
  3040 | D:3      | Reached XP level 5. HP: 27/37 MP: 2/13
  3436 | D:4      | Reached skill level 5 in Conjurations
  4204 | D:5      | Entered Level 5 of the Dungeon
  4216 | D:5      | Reached XP level 6. HP: 44/45 MP: 5/15
  4500 | D:5      | Noticed a water moccasin
  4509 | D:5      | Killed a water moccasin
  4637 | D:5      | Reached skill level 6 in Conjurations
  4767 | D:5      | Noticed Eustachio
  4784 | D:5      | Killed Eustachio
  4785 | D:5      | Reached skill level 5 in Spellcasting
  4785 | D:5      | Reached XP level 7. HP: 14/50 MP: 0/18
  4940 | D:5      | Found a transporter.
  5069 | D:5      | Found a transporter.
  5936 | D:6      | Reached skill level 7 in Conjurations
  6104 | D:6      | Found Jilis's Weapon Shoppe.
  6114 | D:6      | Found Soil's Jewellery Shoppe.
  6115 | D:6      | Found Kumeum's Antique Armour Shoppe.
  6116 | D:6      | Found Kiqu's Jewellery Shoppe.
  6200 | D:6      | Reached XP level 8. HP: 48/57 MP: 8/20
  6292 | D:6      | Learned a level 7 spell: Orb of Destruction
  6615 | D:6      | Reached skill level 8 in Conjurations
  7351 | D:7      | HP: 1/57 [something (3)]
  7890 | D:7      | Found a staircase to the Ecumenical Temple.
  7969 | D:7      | Reached XP level 9. HP: 62/62 MP: 17/24
  8038 | D:7      | Reached skill level 9 in Conjurations
  8282 | D:7      | Killed an unseen horror
  9667 | D:9      | Found a transporter.
  9667 | D:9      | Found a transporter.
  9876 | D:9      | Reached skill level 10 in Conjurations
  9954 | D:9      | Found a flagged portal.
  9971 | Bailey   | Entered a bailey
 10351 | Bailey   | Noticed an orc knight
 10357 | Bailey   | Found a large runed translucent door.
 10357 | Bailey   | Found a large runed translucent door.
 10357 | Bailey   | Noticed a deep elf zephyrmancer
 10583 | Bailey   | Killed an orc knight
 10584 | Bailey   | Reached XP level 10. HP: 69/69 MP: 11/27
 10712 | Bailey   | Killed a deep elf zephyrmancer
 11095 | D:9      | Reached skill level 11 in Conjurations
 11237 | D:9      | Noticed a green ugly thing
 11251 | D:9      | Killed a green ugly thing
 11513 | D:9      | Found a staircase to the Lair.
 11529 | D:9      | Identified the +5 chain mail of Salvation {rF- rN++ Dex+2}
 11573 | D:9      | Reached skill level 10 in Spellcasting
 11575 | D:9      | Noticed Maurice
 11600 | D:9      | Killed Maurice
 12519 | D:6      | Bought a slimy leather armour for 238 gold pieces
 12519 | D:6      | Identified the +0 leather armour "Vaic" {Rampage Will+
                  | Str-3 Int+3} (You bought it in a shop on level 6 of the
                  | Dungeon)
 12594 | D:10     | Entered Level 10 of the Dungeon
 13172 | D:10     | Identified the ring of Roashrot {Fire Slay+2}
 13329 | D:10     | Identified the +10 sling "Launnok" {heavy, +Blink rC- SInv}
 14049 | D:11     | Reached skill level 12 in Conjurations
 14049 | D:11     | Reached XP level 11. HP: 57/74 MP: 23/30
 14081 | D:11     | Found a gate leading to a gauntlet.
 14090 | Gauntlet | Entered a Gauntlet
 14090 | Gauntlet | Found a transporter.
 14090 | Gauntlet | Found a transporter.
 14120 | Gauntlet | Found a transporter.
 14121 | Gauntlet | Found a transporter.
 14133 | Gauntlet | Found a transporter.
 14136 | Gauntlet | Noticed a green death
 14141 | Gauntlet | Found a transporter.
 14154 | Gauntlet | Noticed a death yak
 14154 | Gauntlet | Noticed a death yak
 14154 | Gauntlet | Noticed a death yak
 14154 | Gauntlet | Noticed a death yak
 14154 | Gauntlet | Noticed a death yak
 14155 | Gauntlet | Found a runed translucent door.
 14157 | Gauntlet | Found a transporter.
 14159 | Gauntlet | Found a runed translucent door.
 14160 | Gauntlet | Noticed a necromancer
 14171 | Gauntlet | Found a transporter.
 14175 | Gauntlet | Found a transporter.
 14177 | Gauntlet | Found a runed translucent door.
 14179 | Gauntlet | Found a runed translucent door.
 14181 | Gauntlet | Noticed a fire crab
 14183 | Gauntlet | Found a transporter.
 14187 | Gauntlet | Found a transporter.
 14354 | Gauntlet | Found a transporter.
 14392 | Gauntlet | Killed a fire crab
 14514 | Gauntlet | Mangled by a green death

Illustrated notes

Levels and vault maps discovered:
D:1:      dpeg_arrival_erosion, layout_basic, minmay_misc_feat_room,
          minmay_tetromino_s2
D:2:      kb_forest_paths, layout_basic, st_stairs_2
D:3:      layout_basic, hellmonk_ecumenical_altar_crossroads
D:4:      layout_loops_ring, fedhas_altar_2, mainiacjoe_overflow_brackets,
          nzn_wu_jian_contemplation
D:5:      gammafunk_cloud_chamber, layout_loops_corners, uniq_eustachio
D:6:      minmay_flawed_box, layout_gridville, led_sif_book,
          chequers_temple_overflow_statue_of_worship, minmay_shop_grid_forest
D:7:      layout_gridville, mainiacjoe_overflow_boulevard,
          minmay_temple_entry_poolview, minmay_misc_feat_tower
D:8:      layout_basic, st_stairs_10
D:9:      layout_basic, mainiacjoe_overflow_big_doors,
          overflow_temple_1_default, grunt_lair_entry_orc_guard_hut,
          enter_bailey_2, nicolae_diode_stairs, uniq_maurice
D:10:     layout_loops_corners
D:11:     layout_basic, david_orc_5, gauntlet_entry_generic, okawaru_humans,
          uniq_erolcha
Gauntlet: minmay_gauntlet_77_indecision [minmay_gauntlet_arena_77_museum,
          minmay_gauntlet_arena_77_double_cross,
          minmay_gauntlet_arena_77_cramped,
          minmay_gauntlet_arena_77_radiant_squares,
          minmay_gauntlet_arena_77_shame_cube,
          minmay_gauntlet_arena_77_terracotta_army,
          nicolae_gauntlet_exit_dead_adventurers]

Skill      XL: |  1  2  3  4  5  6  7  8  9 10 |
---------------+-------------------------------+-----
Spellcasting   | 2 3 4 5 6 7 9 10 | 10.9
Conjurations   | 4 5 6 7 8 10 12 | 12.2
Dodging        | |  1.7
Stealth        | |  1.7

Action                     |  1- 3 |  4- 6 |  7- 9 | 10-12 || total
---------------------------+-------+-------+-------+-------++-------
  Melee: Unarmed           |     5 |       |       |       ||     5
         Flail             |       |       |    26 |     1 ||    27
   Cast: Magic Dart        |    72 |   120 |   123 |    25 ||   340
         Searing Ray       |     2 |    12 |    61 |    30 ||   105
         Iskenderun's Myst |       |       |    23 |    40 ||    63
  Evoke: Wand              |       |     2 |    10 |       ||    12
    Use: Potion            |       |       |     6 |     2 ||     8
         Scroll            |       |       |    15 |     2 ||    17
 Armour: Robe              |     6 |     2 |    39 |    12 ||    59
  Dodge: Dodged            |    11 |    27 |    72 |    29 ||   139
  Block: Other             |       |     9 |    21 |     3 ||    33
         Reflection        |       |       |     3 |     2 ||     5
